[Event "Chess Festival Groningen 2023 | A"]
[Site "Groningen, Netherlands"]
[Date "2023.12.27"]
[Round "6.20"]
[White "Mierins, Emils Janis"]
[Black "Kumar, Prajit Sai"]
[Result "1-0"]
[TimeControl "90min/40moves + 30min + 30sec/move"]
[WhiteElo "2258"]
[BlackElo "2172"]

1. e4 c5 2. Nf3 Nc6 3. d4 cxd4 4. Nxd4 Nf6 5. Nc3 d6 6. h3 e5 7. Nf3 h6 8. Bc4 Be7 9. O-O Be6 10. Qe2 O-O 11. Rd1 Rc8 12. Nd5 Re8 13. c3 Nh7 14. a4 Bg5 15. Nxg5 Nxg5 16. f3 Ne7 17. Nxe7+ Rxe7 18. Bd5 Bxd5 19. Rxd5 Re6 20. Be3 a6 21. Rad1 f6 22. a5 Nf7 23. Bb6 Qe8 24. c4 Re7 25. b3 Kh7 26. Kh2 Qc6 27. Rc1 Qe8 28. Rcd1 Qc6 29. Be3 Kg8 30. Qd2 Rcc7 31. Qb4 Kh7 32.
Bb6 Rc8 33. c5 dxc5 34. Rxc5 1-0

[Event "Chess Festival Groningen 2023 | A"]
[Site "Groningen, Netherlands"]
[Date "2023.12.27"]
[Round "6.21"]
[White "Van Helvoort, Rob"]
[Black "Grooten, Herman"]
[Result "1-0"]
[TimeControl "90min/40moves + 30min + 30sec/move"]
[WhiteElo "2098"]
[BlackElo "2243"]

1. e4 c6 2. Nc3 d5 3. Qf3 e6 4. d4 Nf6 5. Bg5 dxe4 6. Nxe4 Be7 7. Bxf6 gxf6 8. c3 f5 9. Nd2 Nd7 10. Nc4 Qc7 11. Qe3 Nb6 12. Nf3 Nd5 13. Qd2 Qf4 14. Qxf4 Nxf4 15. g3 Nd5 16. Nce5 f6 17. Nd3 Bd7 18. Bg2 Bd6 19. Nd2 Rd8 20. O-O-O Kf7 21. Bf3 Bc7 22. Bh5+ Kg7 23. Rde1 b6 24. h3 Rhf8 25. Bf3 Bc8 26. Bxd5 cxd5 27. Kc2 Rfe8 28. f4 a5 29. Nf3 Kf7 30. Rhg1 Ba6 31.
Nf2 Rg8 32. Nh1 Rg7 33. Re3 Bxf4 34. gxf4 Rdg8 35. Rxg7+ Rxg7 36.
Ne1 Bf1 37. Nf2 h5 38. Kd2 a4 39. a3 Ke7 40. h4 Kd6 41. Rf3 Bc4 42. Rh3 Bb5 43. Ned3 Ke7 44. Ne1 Kf8 45. Ke3 Bc4 46. Kf3 Rg4 47.
Rh2 Rg7 48. Rg2 Ra7 49. Ned3 Kf7 50. Rg3 Ra8 51. Nb4 Bb3 52. Ke2 Re8 53. Kd2 Rc8 54. Nd1 Rd8 55. Ne3 Rc8 56. Nd3 Ba2 57. Rg1 Rd8 58. Ke2 Bb3 59. Kf2 Rd7 60. Nc1 Bc4 61. Nxc4 dxc4 62. Na2 Rd6 63. Nb4 Rd8 64. Nc2 b5 65.
Ne3 e5 66. Nxf5 exf4 67. Kf3 Rd5 68. Kxf4 Ke6 69. Re1+ Kf7 70. Re7+ Kf8 71. Rb7 1-0

[Event "Chess Festival Groningen 2023 | A"]
[Site "Groningen, Netherlands"]
[Date "2023.12.27"]
[Round "6.22"]
[White "Arnold, Rhys"]
[Black "Smeets, Kobe"]
[Result "1/2-1/2"]
[TimeControl "90min/40moves + 30min + 30sec/move"]
[WhiteElo "2053"]
[BlackElo "2239"]

1. e4 c5 2. Nf3 e6 3. d4 cxd4 4. Nxd4 Nc6 5. a3 Nf6 6. Nc3 Qc7 7. Be3 a6 8. f4 d6 9. Qf3 Be7 10. O-O-O h5 11. Nxc6 Qxc6 12. h3 b5 13. e5 Qxf3 14. gxf3 dxe5 15. fxe5 Nd7 16. f4 Bb7 17. Rg1 g6 18. Bg2 O-O-O 19. a4 b4 20. Bxb7+ Kxb7 21. Ne4 Nb6 22.
Bxb6 Kxb6 23. Rxd8 Rxd8 24. Rd1 Rd5 25. Rd3 Rxd3 26. cxd3 Kc6 27. Kd2 Kd5 28. Ke3 h4 29. d4 Kc4 30. Nd2+ Kd5 31. Ne4 1/2-1/2

[Event "Chess Festival Groningen 2023 | A"]
[Site "Groningen, Netherlands"]
[Date "2023.12.27"]
[Round "6.23"]
[White "Jacobs, Florian"]
[Black "Kazarjan, Gachatur"]
[Result "1-0"]
[TimeControl "90min/40moves + 30min + 30sec/move"]
[WhiteElo "2218"]
[BlackElo "2078"]

1. d4 f5 2. g3 Nf6 3. Bg2 g6 4. Nf3 Bg7 5. O-O d6 6.
b4 Nc6 7. b5 Nb8 8. Bb2 a6 9. a4 O-O 10. Nbd2 h6 11. c4 Nbd7 12. Qc2 c5 13. bxc6 bxc6 14. Nh4 Kh7 15. e4 e6 16.
exf5 exf5 17. Bxc6 Rb8 18. Rab1 Qc7 19. Bg2 d5 20. Ba3 Re8 21. Rxb8 Nxb8 22. Bc5 Bb7 23. cxd5 Qd7 24. Nc4 Nxd5 25.
Nd6 Rd8 26. Qb3 1-0

[Event "Chess Festival Groningen 2023 | A"]
[Site "Groningen, Netherlands"]
[Date "2023.12.27"]
[Round "6.24"]
[White "Goudriaan, Rafael"]
[Black "Labruyere, Roger"]
[Result "1/2-1/2"]
[TimeControl "90min/40moves + 30min + 30sec/move"]
[WhiteElo "2039"]
[BlackElo "2208"]

1. e4 c5 2. Nf3 d6 3. Bb5+ Nd7 4. c4 a6 5. Ba4 e5 6. Nc3 Ngf6 7. d3 Be7 8. h3 O-O 9. Be3 Rb8 10. Qd2 Ne8 11. g4 Nc7 12. Bb3 Re8 13. Nh2 Nf8 14. f4 Bh4+ 15. Kd1 exf4 16. Bxf4 Ng6 17. Be3 Be6 18. Nf3 Bg3 19. Kc2 b5 20. Rag1 Be5 21. h4 bxc4 22. dxc4 Qc8 23. h5 Ne7 24. h6 Ng6 25. Nxe5 Nxe5 26. hxg7 Nxg4 27. Bf4 Qb7 28. Qe2 Bf5 29. Kc1 Nf6 30. Rh6 Nxe4 31. Nxe4 Bxe4 32. Qh2 Bf5 33. Rh1 Qe4 34. Bc2 Qxc2+ 35. Qxc2 Bxc2 36. Kxc2 Ne6 37. Bxd6 Rbc8 38. Rxh7 f6 39.
R7h5 Kxg7 40. Rh7+ Kg6 41. R7h6+ Kf7 42. Rh7+ Kg6 43. R7h6+ Kg5 44. R1h5+ Kg4 45. Rh4+ Kf5 46. Rh2 Nd4+ 47. Kd3 Ke6 48. Bxc5 Nf3 49.
Re2+ Ne5+ 50. Rxe5+ Kxe5 51. Bd4+ Kd6 52. Rxf6+ Kc7 53. Rxa6 Rg8 54. Ra7+ Kb8 55. Rd7 Rg3+ 56. Kd2 Rxc4 1/2-1/2

[Event "Chess Festival Groningen 2023 | A"]
[Site "Groningen, Netherlands"]
[Date "2023.12.27"]
[Round "6.25"]
[White "Boer, Alef"]
[Black "Albers, Sasa"]
[Result "1/2-1/2"]
[TimeControl "90min/40moves + 30min + 30sec/move"]
[WhiteElo "2017"]
[BlackElo "2192"]

1. e4 c6 2. Nc3 d5 3. Nf3 dxe4 4. Nxe4 Nf6 5. Qe2 Nxe4 6. Qxe4 Nd7 7. d4 Nf6 8. Qe2 Bg4 9. Be3 e6 10. h3 Bf5 11. c3 Be7 12. g3 h6 13. Bg2 O-O 14.
O-O a5 15. a4 Nd5 16. Bd2 Qb6 17.
Bc1 Qb3 18. Re1 Nb6 19. Nd2 Qc2 20. Ne4 Qxe2 21. Rxe2 Rfd8 22. g4 Bg6 23. Bf4 Nd5 24. Bg3 Bxe4 25. Bxe4 Bd6 26. Bxd5 cxd5 27.
Bxd6 Rxd6 28. f4 Raa6 29. Kf2 Rab6 1/2-1/2

[Event "Chess Festival Groningen 2023 | A"]
[Site "Groningen, Netherlands"]
[Date "2023.12.27"]
[Round "6.26"]
[White "Kanyamarala, Trisha"]
[Black "Ritzerveld, Noah"]
[Result "1-0"]
[TimeControl "90min/40moves + 30min + 30sec/move"]
[WhiteElo "2184"]
[BlackElo "1997"]

1. d4 d5 2. c4 c6 3. Nc3 Nf6 4. e3 Bf5 5. cxd5 cxd5 6. Qb3 Nc6 7. Qxb7 Bd7 8. Qb3 Rb8 9. Qd1 e5 10. dxe5 Nxe5 11. Be2 Bd6 12. Nf3 h5 13. h3 Qe7 14. Nd4 O-O 15. O-O h4 16. Qe1 Rfe8 17. f4 Ng6 18. Qf2 Bb4 19. Bd3 Bxc3 20. bxc3 Nh5 21. Qf3 Ng3 22. Re1 Qd6 23. a4 Qf6 24. Ba3 Bxa4 25. Qxd5 Rbd8 26. Qc4 Bd7 27. Bb4 Bc8 28. Ba5 Rd6 29. Qa4 Bd7 30.
Qc2 a6 31. Bb4 Rb6 32. Bc5 Rbb8 33. Rxa6 Qd8 34. Bxg6 fxg6 35. Rxg6 Qa5 36. Bb4 Qd5 37. Rg5 Qf7 38. Nf3 Bf5 39.
Qa4 Ne4 40. Qa5 Nxg5 41. Nxg5 Qd7 42. Qa2+ Be6 43. Qf2 Qd3 44. Qxh4 Bf5 45. e4 Qd2 46. Kh2 Bg6 47. f5 Rxb4 48. fxg6 Rb2 49. Qh7+ Kf8 50. Rf1+ Ke7 51.
Qxg7+ Kd8 52. Qd4+ Qxd4 53. cxd4 Rg8 54.
g7 Ke7 55. Rf7+ Kd6 56. e5+ Kd5 57. Rd7+ Kc4 58. e6 Kd3 59. d5 Ke2 60. Rf7 Ke1 61. e7 Rc8 62. Rf8 1-0

[Event "Chess Festival Groningen 2023 | A"]
[Site "Groningen, Netherlands"]
[Date "2023.12.27"]
[Round "6.27"]
[White "Francs, Marats"]
[Black "De Jong, Mathijs"]
[Result "1-0"]
[TimeControl "90min/40moves + 30min + 30sec/move"]
[WhiteElo "1990"]
[BlackElo "2008"]

1. e4 d5 2. exd5 Qxd5 3. Nc3 Qd8 4. d4 Nf6 5. Nf3 Bg4 6. Bc4 e6 7. O-O c6 8. Be2 Nbd7 9. h3 Bh5 10. Ne5 Nxe5 11. dxe5 Qxd1 12. Bxd1 Bxd1 13. Rxd1 Nd7 14. f4 O-O-O 15. Be3 b6 16. Ne4 Be7 17. a4 f5 18. Nd6+ Bxd6 19. Rxd6 Nf8 20. Rxc6+ Kb7 21. Rc4 Ng6 22. a5 Rc8 23. Rxc8 Rxc8 24. a6+ Kb8 25. Rd1 Rxc2 26. Rd8+ Rc8 27. Rd7 Rc7 28. Rd6 Nf8 29. Rd8+ Rc8 30. Bxb6 Rxd8 31. Bxd8 Ng6 32. g3 Kc8 33. Ba5 Ne7 34. Bb4 Nd5 35. Bc5 Nc7 36. Bxa7 Nxa6 37. Kf2 Kb7 38. Bd4 Kc6 39. Ke3 h5 40. Kf3 Kd5 41. Bc3 Kc4 42.
g4 hxg4+ 43. hxg4 g6 44. Kg3 Nc5 45. Kh4 Ne4 46.
gxf5 gxf5 47. Be1 Kd3 48. b4 Ke2 49.
Bg3 Kf3 50. b5 Nc5 51. b6 Nb7 52. Bh2 Kg2 53.
Kg5 Kxh2 54. Kf6 Nc5 55. Ke7 Kg3 56. Kd6 Nb7+ 57. Kxe6 Kxf4 58. Kf6 Kg4 59. e6 f4 60. e7 Nd6 61.
b7 Nxb7 62. e8=Q f3 63. Qe4+ Kg3 64. Qxb7 Kf2 65. Kf5 1-0

[Event "Chess Festival Groningen 2023 | A"]
[Site "Groningen, Netherlands"]
[Date "2023.12.27"]
[Round "6.28"]
[White "Van Batenburg, Mees"]
[Black "Van Rootselaar, Rik"]
[Result "0-1"]
[TimeControl "90min/40moves + 30min + 30sec/move"]
[WhiteElo "2109"]
[BlackElo "2105"]

1. e4 c5 2. Nf3 d6 3. d4 cxd4 4. Nxd4 Nf6 5. Nc3 Nc6 6. Bg5 e6 7. Qd3 Be7 8. O-O-O O-O 9. f4 Qb6 10. Be2 Rd8 11. Nb3 a5 12. a4 Bd7 13. Qg3 Rac8 14. Kb1 Nb4 15. e5 dxe5 16. fxe5 Rxc3 17. Qxc3 Nfd5 18. Bxe7 Nxc3+ 19. bxc3 Nd5 20. Bxd8 Nxc3+ 21. Kb2 Nxa4+ 22. Kc1 Qxd8 23. Bf3 Qc7 24. Nxa5 Nc3 25. Rd4 Na2+ 26. Kd1 Ba4 27.
Nc4 b5 28. Ne3 g6 29. Ke2 Qxe5 30. Rd2 b4 31. Kf2 Nc3 32. g3 Ne4+ 33. Bxe4 Qxe4 34. Rhd1 Bc6 35. Re2 Qf3+ 36. Ke1 Bb5 37. Rdd2 h5 38. Nf1 Bxe2 39. Rxe2 Qc3+ 40. Kf2 Kg7 41.
Ne3 g5 42. h3 f5 43. Ng2 Kf6 44. h4 g4 45. Ne3 Qc6 46. Ke1 Qf3 47. Nf1 e5 48. Rf2 Qc3+ 49. Nd2 Kg6 50. Kf1 Qxc2 0-1

[Event "Chess Festival Groningen 2023 | A"]
[Site "Groningen, Netherlands"]
[Date "2023.12.27"]
[Round "6.29"]
[White "Schuricht, Emil Frederick"]
[Black "Ter-Avetisjana, Agnesa Stepania"]
[Result "1/2-1/2"]
[TimeControl "90min/40moves + 30min + 30sec/move"]
[BlackFideId "11614900"]
[WhiteElo "2095"]
[BlackElo "1974"]

1. d4 d5 2. c4 c6 3. cxd5 cxd5 4. Bf4 Nf6 5. Nc3 Nc6 6. e3 a6 7. Bd3 Bg4 8. Nge2 e6 9. O-O Be7 10. Rc1 O-O 11. h3 Bh5 12. Na4 Nd7 13. a3 Rc8 14. b4 e5 15.
dxe5 Ncxe5 16. Rxc8 Qxc8 17. Bxe5 Nxe5 18. Nb6 Qd8 19. Nxd5 a5 20. f3 axb4 21. axb4 Bd6 22. Nef4 Bg6 23. Nxg6 hxg6 24. Qb3 Nc6 25. Rd1 Qh4 26. f4 g5 27. b5 Ne7 28. Nxe7+ Bxe7 29. Qc4 gxf4 30. Qxf4 Qxf4 31. exf4 Rd8 32. Kf2 Bc5+ 33. Kf3 g6 34.
g3 Kg7 35. Ke2 Re8+ 36. Kf3 Rd8 37. h4 b6 38. Kg2 Rd6 39. Kf1 Rd8 40. Rd2 Be3 41. Rd1 Bc5 42. Kg2 Rd7 43. Rd2 Be3 44. Rd1 Bc5 45. Kf3 Rd8 46. Be2 Rxd1 47. Bxd1 Be7 48. Ke4 Bc5 49. f5 Bf2 50. Kf3 Be1 51.
Bc2 Kf6 52. Kg4 Bf2 53. Kh3 gxf5 54. Kg2 Be1 55. Kf3 Kg6 56. Kf4 Bd2+ 57. Ke5 Bc3+ 58. Kf4 Bd2+ 59. Ke5 Bc3+ 60. Kf4 1/2-1/2

[Event "Chess Festival Groningen 2023 | A"]
[Site "Groningen, Netherlands"]
[Date "2023.12.27"]
[Round "6.30"]
[White "Vijayakumar, Rishi"]
[Black "Van Der Leest, Bert"]
[Result "1/2-1/2"]
[TimeControl "90min/40moves + 30min + 30sec/move"]
[BlackFideId "1009460"]
[WhiteElo "2104"]
[BlackElo "2142"]

1. d4 Nf6 2. c4 c5 3. d5 b5 4. cxb5 a6 5. e3 g6 6.
Nc3 Bg7 7. e4 d6 8. a4 O-O 9. Bc4 axb5 10. Bxb5 Na6 11. Nge2 Nb4 12. O-O Qb6 13. h3 Ba6 14. Ng3 Bxb5 15. Nxb5 Nd7 16. Rb1 Ne5 17. b3 Ned3 18. Be3 Qa5 19. Na3 e6 20. Qd2 exd5 21. exd5 Ne5 22. Nb5 Ra6 23. Ne4 Qd8 24. Nexd6 Rxd6 25. Bxc5 Rxd5 26. Qxb4 Nd3 27. Bxf8 Nxb4 28. Bxb4 h5 29. Bc3 Bxc3 30. Nxc3 Rd3 31.
Ne4 Qd4 32. Rfe1 Qb4 33. Ng5 Rxb3 34.
Re8+ Kg7 35. Rxb3 Qxb3 36. h4 Qxa4 37. Re7 Qxh4 38. f4 Qg3 39. Rxf7+ Kg8 40. Rf6 Qe1+ 1/2-1/2

[Event "Chess Festival Groningen 2023 | A"]
[Site "Groningen, Netherlands"]
[Date "2023.12.27"]
[Round "6.31"]
[White "Groenewoud, Joel"]
[Black "Bakija, Alan"]
[Result "0-1"]
[TimeControl "90min/40moves + 30min + 30sec/move"]
[WhiteElo "1997"]
[BlackElo "2010"]

1. e4 e5 2. Nf3 Nc6 3.
Bc4 Bc5 4. b4 Bxb4 5. c3 Be7 6. d4 Na5 7. Be2 d6 8. dxe5 dxe5 9. Qa4+ c6 10. Nxe5 Nf6 11. O-O b5 12. Qc2 O-O 13. Rd1 Qb6 14. Bf4 Re8 15. Nd2 Bc5 16. Nd3 Bf8 17. Bf3 Bg4 18. e5 Bxf3 19. Nxf3 Nd5 20. Bg3 Nc4 21. Re1 g6 22. Nf4 Nxf4 23. Bxf4 Bg7 24. h4 Qc5 25. Qe2 h5 26. Rad1 Re7 27. Rd4 Rae8 28. Qd3 Nxe5 29. Nxe5 Bxe5 30. Rde4 Re6 31. Bd2 Qd5 32. Qxd5 cxd5 33. R4e3 Bc7 34. Rd1 Bb6 35. Rd3 Re2 36. Be3 Bxe3 37. Rxe3 R8xe3 38. fxe3 Rxa2 39. Rxd5 a6 40. Rd6 a5 41. Rb6 Rb2 42. Ra6 a4 43. Ra5 Kg7 44. c4 bxc4 45. Rxa4 c3 46. Rc4 c2 47. Kh2 Kf6 48. Kg3 Ke5 49. Kf3 Kd5 50. Rc8 f6 51. Rc3 g5 52. hxg5 fxg5 53. Kg3 h4+ 54. Kh3 Ke4 55. Kg4 c1=Q 56. Rxc1 Rxg2 57. Kh3 Rg3+ 58. Kh2 Rxe3 0-1

[Event "Chess Festival Groningen 2023 | A"]
[Site "Groningen, Netherlands"]
[Date "2023.12.27"]
[Round "6.32"]
[White "Spit, Vincent"]
[Black "Krasenkowa, Elena"]
[Result "1-0"]
[TimeControl "90min/40moves + 30min + 30sec/move"]
[WhiteElo "2076"]
[BlackElo "2109"]

1. e4 g6 2. d4 Bg7 3. Nc3 c6 4. h4 Nf6 5. e5 Nd5 6. Nxd5 cxd5 7. h5 d6 8. h6 Bf8 9. Nf3
Bg4 10. Bb5+ Nc6 11. O-O dxe5 12. dxe5 e6 13. c4 a6 14. Bxc6+
bxc6 15. Qa4 Qd7 16. cxd5 exd5 17. Nh2 Be6 18. Bg5 c5 19. Qh4
Rb8 20. a3 c4 21. Bf6 Be7 22. Nf3 Rb7 23. Nd4 Rg8 24. Rab1 g5 25. Qg3 Bc5 26. Nxe6 Qxe6 27. b3
Qf5 28. Rbd1 d4 29. bxc4 Rg6 30. Rd3 Rxh6 31. Rb3 Qe4 32.
Rxb7 Qxb7 33. Qd3 g4 34. Rb1 Qc7 35. Qe4 Bb6 36. Qa8+ Kd7 37.
Qxa6 g3 38. fxg3 Bc5 39. Qa4+ Ke6 40. Qe8+ Kf5 41. Rf1+ Ke4 42.
Qa8+ Kd3 43. Qa4 Qb6 44. Qd1+ Kxc4 45. Qc1+ Kd5 46. Qxh6 d3+ 47.
Kh2 Be3 48. Qxh7 d2 49. Qxf7+ Kd4 50. e6+ Kd3 51. e7 Ke2 52. Qc4#
1-0

[Event "Chess Festival Groningen 2023 | A"]
[Site "Groningen, Netherlands"]
[Date "2023.12.28"]
[Round "7.1"]
[White "Kazakouski, Valery"]
[Black "Panda, Sambit"]
[Result "1-0"]
[TimeControl "90min/40moves + 30min + 30sec/move"]
[BlackFideId "25091794"]
[WhiteElo "2586"]
[BlackElo "2404"]

1. d4 d5 2. c4 e6 3. Nc3 Nf6 4. Nf3 h6 5. g3 Nc6 6. Bg2 Bd6 7. O-O O-O 8. a3 a5 9. b3 Re8 10.
Bb2 dxc4 11. bxc4 e5 12. e3 exd4 13. exd4 Bg4 14. h3 Bh5 15. Nb5 Ne4 16. Qc2 Bg6 17. Qa4 Ng5 18. Nxg5 Qxg5 19.
Nxd6 cxd6 20. d5 Ne7 21. Rfe1 Qd2 22. Qb5 Bd3 23. Rad1 Qc2 24. Rc1 Qd2 25. Red1 Qe2 26. Bf1 Bxc4 27.
Bxe2 Bxb5 28. Bxb5 Rec8 29. Rxc8+ Rxc8 30. a4 Rc5 31. Re1 Nf5 32. Re8+ Kh7 33. Bd3 Rxd5 34. Be4 1-0

[Event "Chess Festival Groningen 2023 | A"]
[Site "Groningen, Netherlands"]
[Date "2023.12.28"]
[Round "7.2"]
[White "Tiviakov, Sergei"]
[Black "Romanov, Evgeny"]
[Result "1/2-1/2"]
[TimeControl "90min/40moves + 30min + 30sec/move"]
[WhiteElo "2536"]
[BlackElo "2561"]

1. e4 c5 2. c3 d5 3. exd5 Qxd5 4. d4 Nf6 5. Nf3 e6 6. Na3 Qd8 7. Nc4 Nc6 8. Nce5 Qc7 9. Nxc6 bxc6 10.
dxc5 Bxc5 11. Bd3 h6 12. O-O O-O 13. Qe2 Bd6 14. Re1 Rd8 15. h3 c5 16. Nd2 Bb7 17. Ne4 Bxe4 1/2-1/2

[Event "Chess Festival Groningen 2023 | A"]
[Site "Groningen, Netherlands"]
[Date "2023.12.28"]
[Round "7.3"]
[White "Aarav, Dengla"]
[Black "Reinderman, Dimitri"]
[Result "1/2-1/2"]
[TimeControl "90min/40moves + 30min + 30sec/move"]
[WhiteFideId "45059756"]
[WhiteElo "2382"]
[BlackElo "2580"]

1. e4 d6 2. d4 Nf6 3. Nc3 e5 4. dxe5 dxe5 5. Qxd8+ Kxd8 6. Bc4 Ke8 7. a3 Bd6 8. Bg5 Nbd7 9.
f3 h6 10. Bxf6 Nxf6 11. Nb5 Ke7 12. Ne2 a6 13. Nxd6 cxd6 14. Rd1 b5 15. Ba2 Be6 16. Bxe6 fxe6 17. Nc1 Rhc8 18. c3 a5 19. Nd3 Nd7 20. Ke2 Nc5 21.
Nxc5 Rxc5 22. Rd2 Rb8 23. Rhd1 Rb6 24. Ra1 Rc7 25.
Rad1 Rc8 26. Ra1 Rc4 27. Ra2 Kd7 28. Ra1 Kc7 29. Kd3 Rcc6 30. g3 Rc5 31. f4 exf4 32. gxf4 Rh5 33. Rg2 g5 34.
Rf1 Rb8 35. fxg5 hxg5 36. e5 Rbh8 37. Rf6 1/2-1/2

[Event "Chess Festival Groningen 2023 | A"]
[Site "Groningen, Netherlands"]
[Date "2023.12.28"]
[Round "7.4"]
[White "Jin, Yueheng"]
[Black "Lahaye, Rick"]
[Result "1/2-1/2"]
[TimeControl "90min/40moves + 30min + 30sec/move"]
[WhiteElo "2398"]
[BlackElo "2439"]

1. d4 Nf6 2. c4 g6 3. g3 Bg7 4. Bg2 O-O 5. Nf3 d6 6. Nc3 Nc6 7. O-O a6 8. e4 Rb8 9. Re1 Bg4 10.
Be3 Nd7 11. Qd2 Na5 12. b3 c5 13. Ng5 h6 14. h3 hxg5 15. hxg4 cxd4 16. Bxd4 Bxd4 17. Qxd4 Ne5 18. Qd2 e6 19.
Rad1 Qf6 20. Qxd6 Nxg4 21. Qd4 Ne5 22. Ne2 g4 23. Qd2 Nac6 24. Qh6 Rfd8 25. Rf1 Rxd1 26. Rxd1 Rd8 27. Qc1 Nb4 28.
a3 Rxd1+ 29. Qxd1 Nbd3 30. Qf1 Qg5 31. Qd1 b6 32. Nd4 Qd8 33. Nc2 Qf6 34. Qd2 Nc5 35. b4 Ncd3 36. Ne3 Qd8 37.
Qc3 a5 38. Kf1 axb4 39. axb4 Qd6 40. Nc2 Nc6 41. Qd2 Nce5 42. Ke2 Qe7 43. Qc3 Qa7 44. Bf1 Qa2 45. Kd2 Qb1 46. Qa1 Qxa1 47.
Nxa1 Nxb4 48. Nb3 Na6 49. Ke3 Nc5 50. Nd2 Kf8 51. Be2 Ke7 52. Nf1 f5 53. Nd2 Kf6 54. exf5 gxf5 55. Bf1 Ke7 56.
Be2 Kd6 57. Bf1 Na4 58. Kd4 Nc6+ 59. Ke3 Ne5 60. Kd4 Nb2 61. Be2 Na4 62. Bf1 1/2-1/2

[Event "Chess Festival Groningen 2023 | A"]
[Site "Groningen, Netherlands"]
[Date "2023.12.28"]
[Round "7.5"]
[White "Kanov, Nikola"]
[Black "Stremavicius, Titas"]
[Result "1-0"]
[TimeControl "90min/40moves + 30min + 30sec/move"]
[WhiteElo "2371"]
[BlackElo "2550"]

1. e4 c5 2. Nf3 Nc6 3. d4 cxd4 4. Nxd4 Nf6 5. Nc3 d6 6. Bg5 Bd7 7. Qd2 Rc8 8. O-O-O Nxd4 9. Qxd4 Qa5 10.
f4 h6 11. Bxf6 gxf6 12. Kb1 Qc5 13. Qd3 h5 14. Be2 f5 15. e5 e6 16. Nb5 Bc6 17. Nxd6+ Bxd6 18. exd6 Kd7 19. Qg3 Be4 20. Ka1 Bxc2 21.
Rc1 Qd4 22. Qg5 Kxd6 23. Qh4 a5 24. Qh3 Ba4 25. Qa3+ Kd7 26.
Bb5+ Bxb5 27. Rcd1 Rc1+ 28. Rxc1 Ba4 29. Qf3 Qb4 30. a3 1-0

[Event "Chess Festival Groningen 2023 | A"]
[Site "Groningen, Netherlands"]
[Date "2023.12.28"]
[Round "7.6"]
[White "Gomes, Mary Ann"]
[Black "Kobo, Ori"]
[Result "1/2-1/2"]
[TimeControl "90min/40moves + 30min + 30sec/move"]
[WhiteElo "2332"]
[BlackElo "2541"]

1. Nf3 Nf6 2. c4 g6 3. b3 Bg7 4. Bb2 O-O 5. g3 d6 6. Bg2 e5 7. d3 a5 8. O-O Na6 9. a3 Bd7 10.
Nc3 c6 11. Nd2 Rb8 12. Rc1 Qe7 13. Rc2 h5 14. h4 Nh7 15. Nf3 f5 16. Bc1 Nc5 17. b4 axb4 18. axb4 Nb3 19. e3 Nxc1 20.
Qxc1 Bf6 21. Nh2 g5 22. hxg5 Bxg5 23. f4 Bh6 24.
Nf3 Kh8 25. c5 exf4 26. exf4 dxc5 27. Re2 Qg7 28. bxc5 Qxg3 29. Ne5 Be8 30. Re3 Qg7 31. Ne2 Rd8 32. Qb2 Nf6 33. Nd4 Rxd4 34. Qxd4 Rg8 35. Re2 h4 36. Kh1 Nh5 37. Rf3 Ng3+ 38.
Rxg3 hxg3 39. Bh3 Rf8 40. Kg2 Kh7 41. Re3 Qg8 42. Nc4 Bg6 43. Re7+ Rf7 44. Qf6 Bxf4 45. Bxf5 Rxe7 46. Qxe7+ Qg7 47.
Qh4+ Bh6 48. Bxg6+ Qxg6 49. Qxg3 Qe6 50. Qe5 Qg4+ 51. Kf2 Qh4+ 52. Kg2 Qg4+ 53. Kf2 Bg7 54. Qe4+ Qxe4 55. dxe4 Bd4+ 56.
Ke2 Bxc5 57. Na5 Bb4 1/2-1/2

[Event "Chess Festival Groningen 2023 | A"]
[Site "Groningen, Netherlands"]
[Date "2023.12.28"]
[Round "7.7"]
[White "Palchuk, Andrii"]
[Black "Nevednichy, Vladislav"]
[Result "1/2-1/2"]
[TimeControl "90min/40moves + 30min + 30sec/move"]
[WhiteElo "2328"]
[BlackElo "2452"]

1. d4 Nf6 2. Nf3 d5 3. c4 e6 4. g3 Bb4+ 5. Bd2 Be7 6. Bg2 O-O 7. O-O c6 8. Qc2 b6 9. Bf4 Bb7 10.
Rc1 Nbd7 11. cxd5 Nxd5 12. Nc3 Nxf4 13. gxf4 Rc8 14. e3 g6 15. Ne5 Nxe5 16. dxe5 Qc7 17. Rd1 a6 18. Rd2 Rfd8 19.
Rad1 Rxd2 20. Rxd2 Rd8 21. Ne4 Kg7 22. Qd1 Rxd2 23. Qxd2 c5 24. Nd6 Bc6 25. Qd3 Kf8 26. Qxa6 Bxg2 27.
Kxg2 Bxd6 28. exd6 Qxd6 29. b3 h5 30. h3 Kg7 31. Kg1 Kf6 32. Kg2 g5 33. fxg5+ Kxg5 34. Qe2 f5 35. e4 fxe4 36.
Qxe4 Qd5 37. h4+ Kf6 38. Kf3 b5 39. Ke3 b4 40. Qf4+ Kg6 41. Qg3+ Kf6 42. Qf4+ Kg6 43. Qg3+ Kf6 44.
Qf4+ 1/2-1/2

[Event "Chess Festival Groningen 2023 | A"]
[Site "Groningen, Netherlands"]
[Date "2023.12.28"]
[Round "7.8"]
[White "Maatman, Nick"]
[Black "Lambrechts, Koen"]
[Result "1-0"]
[TimeControl "90min/40moves + 30min + 30sec/move"]
[WhiteElo "2371"]
[BlackElo "2290"]

1. d4 Nf6 2. Nf3 e6 3. c4 b6 4. g3 Bb7 5. Bg2 Be7 6. O-O O-O 7. Re1 Qc8 8. Bg5 h6 9. Bxf6 Bxf6 10.
e4 d6 11. Nc3 Rd8 12. Qc2 Na6 13. Rad1 Be7 14. a3 c5 15. d5 e5 16. Kh1 Nc7 17. Ng1 Qd7 18. Bh3 Qe8 19. f4 Bf6 20.
Nf3 Ba6 21. Bf1 Rdb8 22. b4 cxb4 23. axb4 Bc8 24. f5 Bd7 25. Qf2 b5 26. c5 dxc5 27. d6 Na6 28. bxc5 Rc8 29. Nd5 Rab8 30.
Rc1 Bc6 31. Red1 Qd7 32. Qe3 Bxd5 33. Rxd5 Nb4 34. Rxe5 Bxe5 35. Nxe5 Qe8 36. Qd4 Nc6 37. Nxc6 Rxc6 38. e5 Ra6 39.
Qd5 Ra3 40. c6 Qc8 41. c7 1-0

[Event "Chess Festival Groningen 2023 | A"]
[Site "Groningen, Netherlands"]
[Date "2023.12.28"]
[Round "7.9"]
[White "Krasenkow, Michal"]
[Black "De Boer, Eelke"]
[Result "0-1"]
[TimeControl "90min/40moves + 30min + 30sec/move"]
[WhiteElo "2532"]
[BlackElo "2346"]

1. Nf3 d5 2. d4 Nf6 3. c4 e6 4. Nc3 c5 5. cxd5 Nxd5 6. e4 Nxc3 7. bxc3 cxd4 8. cxd4 Bb4+ 9. Bd2 Bxd2+ 10. Qxd2 O-O 11. Bc4 Nd7 12. O-O b6 13. d5 Nc5 14. Qf4 Qf6 15. Qxf6 gxf6 16. Rfe1 Ba6 17. Bxa6 Nxa6 18. Nd4 Rfd8 19.
Rad1 Nc5 20. Nc6 Rd7 21. Rd4 Rc8 22. Kf1 Kf8 23. Re3 Rcc7 24. Ke2 Rd6 25. Rd1 exd5 26. exd5 Rcd7 27. Rd4 a5 28.
Rg4 Rb7 29. Reg3 Ke8 30. Rg8+ Kd7 31. R3g7 Rxd5 32. Nd8 Re5+ 33. Kf3 Rc7 34. Nxf7 Re7 35. Rd8+ Kc6 36. Rd6+ Kb5 37. Rxf6 Ka6 38.
Rxh7 Nd7 39. Rf5 Nf8 40. Rh8 Ng6 41. Rh7 Nf8 42. Rh8 Ne6 43. Nd6 Nd4+ 44. Kf4 Nxf5 45. Ra8+ Ra7 46. Rxa7+ Rxa7 47.
Nxf5 Rd7 48. g4 b5 49. h4 b4 50. Ke3 a4 51. Nd4 Kb6 52. h5 Kc5 53. Nb3+ axb3 54. axb3 Kd5 55. Kf4 Rf7+ 56.
Kg5 Rxf2 57. h6 Ke5 0-1

[Event "Chess Festival Groningen 2023 | A"]
[Site "Groningen, Netherlands"]
[Date "2023.12.28"]
[Round "7.10"]
[White "Beerdsen, Thomas"]
[Black "Kollen, Zyon"]
[Result "1-0"]
[TimeControl "90min/40moves + 30min + 30sec/move"]
[WhiteElo "2511"]
[BlackElo "2318"]

1. e4 e6 2. d4 d5 3. e5 c5 4. c3 Qb6 5. Nf3 Nc6 6. Bd3 cxd4 7. O-O Bd7 8. Re1 Nh6 9. Bxh6 Qxb2 10.
Bc1 Qxa1 11. Qb3 Na5 12. Qc2 Bc5 13. Bd2 Rc8 14. Rc1 O-O 15. Na3 Qxc1+ 16. Bxc1 dxc3 17. Bxh7+ Kh8 18. Ng5 f6 19.
Bg8 Bxf2+ 20. Kh1 f5 21. Qxf2 Kxg8 22. Qh4 Rfe8 23. Nb5 Nc4 24. Qh7+ Kf8 25. Qh8+ Ke7 26. Qxg7+ Kd8 27. Nf7+ Ke7 28.
Bg5# 1-0

[Event "Chess Festival Groningen 2023 | A"]
[Site "Groningen, Netherlands"]
[Date "2023.12.28"]
[Round "7.11"]
[White "Kovchan, Alexander"]
[Black "Kanyamarala, Tarun"]
[Result "1-0"]
[TimeControl "90min/40moves + 30min + 30sec/move"]
[WhiteElo "2491"]
[BlackElo "2305"]

1. e4 c5 2. Nf3 Nc6 3. d4 cxd4 4. Nxd4 e5 5. Nb5 d6 6. c4 Be6 7. Bd3 Nf6 8. O-O g6 9. N1c3 a6 10.
Na3 Bg7 11. Nc2 O-O 12. Nd5 Bxd5 13. cxd5 Nd4 14. Nxd4 exd4 15. Bg5 Qb6 16. Bxf6 Bxf6 17. Qd2 Rac8 18. g3 Rc5 19. h4 Rfc8 20.
Kg2 Qd8 21. h5 R8c7 22. Rh1 Qc8 23. Rad1 Qg4 24. Rde1 Qc8 25. hxg6 hxg6 26. Qf4 Qd8 27. Qh6 Bg7 28. Qd2 Rc8 29.
f4 R8c7 30. Kf3 Qc8 31. g4 Qd7 32. g5 Qa4 33. f5 Be5 34. f6 Qd7 35. Qf2 Rc3 36. bxc3 Rxc3 37. Rd1 Qb5 38. Qe2 1-0